Map: Apotheosis LE

Players

papasan

  • Race: Zerg Zerg
  • League: Silver

Gracz - Winner!

  • Race: Zerg Zerg
  • League: Silver

VOD

Have the link to the VOD?

Description

Time

  • Played on: Sept. 25, 2016, 2:11 p.m.
  • Length: 20:42
Show
View Real Time Build Order
Export as new Build Order

papasan Zerg 

Build Orders: Pool First 

Get SALT Encoding   

  12  0:10  Drone  
  12  0:11  Drone  
  14  0:21  Overlord  
  14  0:28  Extractor  
  13  0:29  Extractor  
  13  0:31  Drone  
  13  0:35  Drone  
  14  0:45  Drone  
  15  0:54  Spawning Pool  
  14  1:01  Drone  
  15  1:24  Drone x2  
  17  1:44  Roach Warren, Zergling x4  
  17  1:46  Queen  
  20  1:56  Overlord  
  20  2:02  Spine Crawler  
  19  2:18  Drone  
  19  2:19  Drone  
  20  2:50  Roach x2  
  20  2:51  Roach  
  23  3:40  Roach x3  
  29  3:46  Spine Crawler, Queen  
  24  4:30  Roach x3  
  28  5:04  Burrow  
  28  5:30  Roach  
  28  5:32  Overlord x4  
  30  6:18  Hatchery  
  29  6:20  Roach x4  
  29  6:21  Roach x2  
  39  7:04  Roach x6  
  39  7:20  Roach x4  
  39  7:50  Roach x3  
  37  7:51  Roach  
  37  7:52  Roach  
  37  7:56  Roach  
  37  7:57  Roach x5  
  53  8:00  Queen  
  55  8:19  Roach  
  53  8:35  Queen  
  45  8:58  Roach x3  
  51  9:12  Roach  
  51  9:13  Roach x3  
  57  9:19  Lair  
  51  9:56  Zergling x10  
  56  10:10  Roach x7  
  54  10:25  Spire  
  51  10:42  Tunneling Claws  
  51  10:52  Roach x6  
  51  10:57  Metabolic Boost  
  51  11:41  Mutalisk x4  
  51  11:42  Mutalisk x2  
  63  11:53  Drone x5  
  68  11:54  Overlord x2  
  68  11:55  Overlord x2  
  68  12:07  Zerg Flyer Weapons Level 1  
  68  12:19  Overseer x2  
  68  12:22  Mutalisk x2  
  70  13:21  Mutalisk  
  70  13:22  Mutalisk x3  
  68  14:19  Mutalisk  
  68  14:20  Mutalisk x2  
  73  14:28  Roach x6  
  73  14:41  Roach x4  
  53  15:50  Hatchery  
  53  15:52  Infestation Pit  
  51  16:01  Spore Crawler  
  51  16:02  Spore Crawler  
  51  16:03  Drone x3  
  52  16:17  Overseer  
  39  17:30  Drone x6  
  45  17:37  Extractor  
  44  17:53  Spore Crawler  
  44  17:55  Drone x3  
  44  17:58  Queen  
  48  18:03  Hive  
  48  18:08  Corruptor x3  
  54  18:14  Corruptor  
  54  18:15  Corruptor  
  58  18:27  Extractor  
  58  18:33  Queen  
  31  19:05  Spine Crawler  
  31  19:09  Queen  
  19  19:36  Mutalisk  
  15  19:44  Extractor  
  4  20:35  Hatchery  
Show
View Real Time Build Order
Export as new Build Order

Gracz Zerg - Winner!

Build Orders: Pool First 

Get SALT Encoding   

  12  0:10  Drone x2  
  14  0:27  Overlord  
  14  0:37  Spawning Pool  
  13  1:12  Hatchery  
  12  1:24  Zergling x6  
  15  1:32  Queen  
  15  1:36  Extractor, Drone  
  17  1:57  Zergling x4  
  19  2:13  Drone  
  20  2:24  Queen  
  19  3:09  Drone x2  
  21  3:24  Queen  
  21  3:37  Zergling x4  
  21  3:38  Zergling x2  
  20  3:48  Drone x4  
  22  4:30  Zergling x6  
  24  4:40  Drone x4  
  24  4:41  Overlord x2  
  25  5:02  Drone  
  24  5:21  Hatchery  
  23  5:29  Roach Warren  
  23  5:35  Baneling Nest  
  21  5:39  Queen  
  23  5:50  Hatchery  
  22  6:09  Roach  
  22  6:10  Roach x5  
  34  6:34  Roach  
  36  7:06  Roach x3  
  40  7:21  Overlord x3  
  38  7:27  Hatchery  
  29  8:03  Roach  
  29  8:04  Roach x5  
  29  8:05  Lair  
  35  8:52  Drone x2  
  37  9:02  Spore Crawler  
  37  9:09  Spine Crawler  
  35  9:11  Roach x4  
  35  9:15  Drone  
  44  9:19  Queen  
  46  9:29  Spire  
  45  9:58  Roach x9  
  61  10:42  Corruptor  
  63  10:51  Extractor  
  63  10:56  Drone x6  
  63  10:57  Extractor x2  
  67  11:01  Overlord x4  
  66  11:18  Corruptor  
  68  11:40  Drone x2  
  68  11:41  Drone x4  
  74  11:53  Overseer  
  74  11:54  Overseer  
  74  11:57  Roach x3, Overlord  
  74  11:58  Overlord x2  
  80  12:42  Overlord, Corruptor  
  80  12:43  Corruptor x2  
  86  12:45  Roach x2  
  83  13:30  Corruptor x4  
  91  14:21  Hatchery  
  78  16:15  Drone x7  
  78  16:17  Queen x2  
  89  16:20  Drone x3  
  89  16:52  Queen  
  89  16:53  Queen  
  91  17:26  Roach x6  
  103  17:37  Spire  
  102  18:07  Roach x12  
Tags
 
Add a new tag
Caveats
  • Supply blocks, unpowered buildings, or Contaminate may cause inaccurate times.
  • Supply counts are checked every 10 seconds.